 Dungeon Crawl Stone Soup version 0.16-a0-324-g99bef82 (webtiles) character file.

288 PolkaDot the Caller (level 6, 0/41 HPs)
             Began as a Vampire Summoner on Sept 3, 2014.
             Killed from afar by Edmund (8 damage)
             ... with a wand of magic darts
             ... on Level 4 of the Dungeon.
             The game lasted 00:23:01 (3868 turns).

PolkaDot the Caller (Vampire Summoner)              Turns: 3868, Time: 00:23:01

HP   0/41        AC  6     Str  7      XL: 6   Next:  9%
MP  12/19        EV 10     Int 19      God:
Gold 133         SH  0     Dex 14      Spells:  3 memorised,  3 levels left

rFire  . . .     SeeInvis +     l - staff of power
rCold  + . .     Clarity  .     s - +0 leather armour {rC+}
rNeg   . . .     rCorr    .     (no shield)
rPois  .         rRot     .     (no helmet)
rElec  .         Spirit   .     r - +0 cloak
SustAb .         Warding  .     (no gloves)
rMut   .         Stasis   .     (no boots)
Gourm  .                        (no amulet)
MR     .....                    o - ring of wizardry
                                e - +2 ring of protection

@: regenerating quickly, not resistant to hostile enchantments, unstealthy
A: bottle blood, fangs 3, see invisible, unbreathing
a: Bottle Blood


You were on level 4 of the Dungeon.
You were very full.

You visited 1 branch of the dungeon, and saw 4 of its levels.

You collected 133 gold pieces.

Inventory:

Hand weapons
 u - a +3 quarterstaff of chaos
Armour
 a - a +0 robe
 r - a +0 cloak (worn)
 s - a +0 leather armour of cold resistance (worn)
Magical devices
 c - a wand of random effects (15)
 m - a wand of hasting (4)
Scrolls
 f - a scroll of amnesia
 g - 5 scrolls of identify {unknown}
 i - a scroll of teleportation {unknown}
 k - 4 scrolls of remove curse {unknown}
Jewellery
 e - a +2 ring of protection (left hand)
 j - an uncursed ring of protection from magic
 o - a ring of wizardry (right hand)
 t - an uncursed ring of sustain abilities
 v - an uncursed ring of see invisible {unknown}
Potions
 d - a potion of curing
 h - 2 potions of cure mutation {!q}
 n - a potion of flight {unknown}
 p - a potion of heal wounds {unknown}
 q - a potion of blood {@w2}
Books
 b - a book of Callings

   Spells                             Type                      Level
   *Summon Small Mammal               Summoning                    1
   *Call Imp                          Summoning                    2
   *Call Canine Familiar              Summoning                    3
   Summon Guardian Golem              Hexes/Summoning              4
   Summon Lightning Spire             Summoning/Air                4
   Summon Ice Beast                   Ice/Summoning                4
Magical staves
 l - an uncursed staff of power (weapon)


   Skills:
 + Level 2.7 Staves
 - Level 2.1 Dodging
 - Level 3.0 Stealth
 - Level 2.0 Spellcasting
 * Level 6.4 Summonings


You had 3 spell levels left.
You knew the following spells:

 Your Spells              Type           Power        Failure   Level  Hunger
a - Summon Small Mammal   Summ           ####         1%          1    #......
d - Call Canine Familiar  Summ           ####....     1%          3    ####...
s - Call Imp              Summ           ####....     1%          2    ##.....


Dungeon Overview and Level Annotations

Branches:
Dungeon (4/15)
 Temple: D:4-7

Altars:
Fedhas
Kikubaaqudgha
Qazlal
Trog

Annotations:
D:4 Edmund


Innate Abilities, Weirdness & Mutations

Your natural rate of healing is unusually fast.
You can bottle blood from corpses.
You have razor-sharp teeth.
You have supernaturally acute eyesight.
You can survive without breathing.


Message History

Your hound barely misses Edmund.
Drink which item? (? for menu, Esc to quit)
Okay, then.
Read which item? (? for menu, Esc to quit)
As you read the scroll labeled NISOIVEMAS, it crumbles to dust.
Forget which spell ([?*] list [ESC] exit)?
Forget which spell ([?*] list [ESC] exit)?
Okay, then.
It was a scroll of amnesia.
Your hound misses Edmund. Edmund closely misses your crimson imp.
Your crimson imp hits Edmund but does no damage.
Your crimson imp closely misses Edmund.
Your crimson imp barely misses Edmund.
Your hound bites Edmund.
Edmund zaps a wand.
The magic dart hits you!
* * * LOW HITPOINT WARNING * * *
Your crimson imp closely misses Edmund.
Your crimson imp hits Edmund but does no damage. x2
Your hound bites Edmund but does no damage.
Drink which item? (? for menu, Esc to quit)
You feel better.
Edmund zaps a wand.
The magic dart hits you!
You die...

#.....### #.........
#..# #..# #h5###
######@5..+ #......5###
#.####..# #.# #.@# #.#
#.......... ########
#.# #..#....##
.......###.####..#.####
....................
.#####.###.###.#.# ##
#.....###.#.#
#.##.........
.#####.#......####


You could see Edmund, a friendly hound and 3 friendly crimson imps.

Vanquished Creatures
  An orc wizard (D:3)
  An ooze (D:1)
  3 orcs (D:3)
  2 ball pythons
  3 giant cockroaches
  5 hobgoblins
  2 quokkas
  8 bats
  2 giant newts
  8 goblins
  6 kobolds
  4 rats
  A rat skeleton (D:4)
46 creatures vanquished.

Vanquished Creatures (collateral kills)
  Grinder (D:3)
  Crazy Yiuf (D:3)
  An orc priest (D:3)
  2 worker ants (D:4)
  6 adders
  7 orcs
  2 goblins
  A hobgoblin (D:4)
  3 jackals (D:2)
  A kobold (D:4)
  3 bats
28 creatures vanquished.

Vanquished Creatures (others)
  A crimson imp (D:3)
  An iron imp (D:3)
  A hound (D:4)
  4 white imps
  3 shadow imps (D:3)
  A rat (D:2)
11 creatures vanquished.

Grand Total: 85 creatures vanquished

Notes
Turn   | Place    | Note
--------------------------------------------------------------
     0 | D:1      | PolkaDot, the Vampire Summoner, began the quest for the Orb.
     0 | D:1      | Reached XP level 1. HP: 13/13 MP: 3/3
   704 | D:1      | Reached XP level 2. HP: 19/19 MP: 4/4
   714 | D:1      | Learned a level 2 spell: Call Imp
  1710 | D:2      | Reached XP level 3. HP: 24/24 MP: 6/6
  1874 | D:3      | Found a bloodstained altar of Trog.
  1984 | D:3      | Reached skill level 5 in Summonings
  1985 | D:3      | Reached skill level 1 in Staves
  2267 | D:3      | Learned a level 3 spell: Call Canine Familiar
  2323 | D:3      | Reached XP level 4. HP: 27/30 MP: 7/7
  2333 | D:3      | Found a blossoming altar of Fedhas.
  2533 | D:3      | Found an ancient bone altar of Kikubaaqudgha.
  2629 | D:3      | Found a stormy altar of Qazlal.
  2885 | D:3      | Noticed Grinder
  2903 | D:3      | Killed Grinder
  2903 | D:3      | Reached skill level 6 in Summonings
  2903 | D:3      | Reached XP level 5. HP: 21/35 MP: 6/9
  3240 | D:3      | Noticed Crazy Yiuf
  3256 | D:3      | Killed Crazy Yiuf
  3621 | D:4      | Reached XP level 6. HP: 35/41 MP: 10/10
  3847 | D:4      | Noticed Edmund
  3867 | D:4      | HP: 1/41 [Edmund/wand of magic darts (3)]
  3868 | D:4      | Killed from afar by Edmund

Action                   |  1- 3 |  4- 6 || total
-------------------------+-------+-------++-------
Melee: Dagger            |    54 |       ||    54
       Unarmed           |    15 |       ||    15
       Staff             |    76 |    90 ||   166
 Cast: Summon Small Mamm |     7 |     5 ||    12
       Call Imp          |    14 |    25 ||    39
       Call Canine Famil |       |     8 ||     8
 Abil: Bottle Blood      |       |     1 ||     1
Evoke: Wand              |       |     2 ||     2
  Use: Potion            |     5 |     4 ||     9
       Scroll            |       |     1 ||     1
 Stab: Sleeping          |     2 |     1 ||     3
       Distracted        |     2 |       ||     2
  Eat: Corpse            |    12 |    15 ||    27
